 Dungeon Crawl Stone Soup version 0.31.0-4-g52a2dc7128 (webtiles) character file.

Game seed: 17259596499609515348

28100 freelancePsychic the Grappler (level 13, -3/131 HPs)
             Began as a Troll Enchanter on Jan 23, 2024.
             Was the Champion of Okawaru.
             Slain by a fire crab (5 damage)
             ... on level 4 of the Lair of Beasts.
             The game lasted 00:27:28 (13886 turns).

freelancePsychic the Grappler (Troll Enchanter)    Turns: 13886, Time: 00:27:28

Health: -3/131     AC:  9    Str: 19    XL:     13   Next: 7%
Magic:  17/17      EV: 11    Int: 11    God:    Okawaru [******]
Gold:   123        SH: 12    Dex: 22    Spells: 14/14 levels left

rFire   + .          .
                       - Unarmed
rCold   + . .        I - +0 kite shield
rNeg    . . .        A - +0 acid dragon scales
rPois   .            (helmet restricted)
rElec   .            b - +0 cloak of Sif Muna's Benevolence {rC+ Will- Str-2 Dex+10}
rCorr   +            (gloves unavailable)
SInv    +            (boots unavailable)
Will    .....        x - amulet of Vitality {RegenMP++ Regen++}
Stlth   ++           l - ring of see invisible
HPRegen 2.81/turn    w - ring of protection from fire
MPRegen 0.95/turn

%: no passive effects
@: studying Unarmed Combat
A: large, unfitting armour, claws 3, regeneration 1, shaggy fur 1, tough skin 1
a: Renounce Religion, Heroism, Finesse, Duel


You were on level 4 of the Lair of Beasts.
You worshipped Okawaru.
Okawaru was exalted by your worship.
You visited 4 branches of the dungeon, and saw 17 of its levels.
You also visited: Sewer.

You collected 1123 gold pieces.
You spent 1000 gold pieces at shops.

Inventory:

Missiles
 h - 26 poisoned darts
 i - 10 boomerangs (quivered)
 j - 2 datura-tipped darts
 u - 3 javelins
 D - a curare-tipped dart
 H - 4 large rocks
 J - 3 silver javelins
 N - 4 atropa-tipped darts
Armour
 b - the +0 cloak of Sif Muna's Benevolence (worn) {rC+ Will- Str-2 Dex+10}
   (You found it on level 1 of the Lair of Beasts)

   Str-2:     It affects your strength (-2).
   Dex+10:    It affects your dexterity (+10).
   rC+:       It protects you from cold.
   Will-:     It decreases your willpower.
 z - an orb of light
 A - +0 acid dragon scales (worn)
 I - a +0 kite shield (worn)
Jewellery
 l - a ring of see invisible (left claw)
 v - a ring of flight
 w - a ring of protection from fire (right claw)
 x - the amulet of Vitality (around neck) {RegenMP++ Regen++}
   (You bought it in a shop on level 4 of the Dungeon)

   [amulet of magic regeneration]

   RegenMP:   It increases your rate of magic regeneration.
   Regen++:   It increases your rate of health regeneration.
 y - a ring of magical power
 O - an amulet of reflection
Talismans
 L - a blade talisman
Wands
 c - a wand of paralysis (19)
 p - a wand of roots (26)
 r - a wand of acid (19)
 B - a wand of digging (3)
 E - a wand of mindburst (15)
Scrolls
 f - 4 scrolls of enchant weapon
 g - 3 scrolls of fog
 k - 4 scrolls of teleportation {@r4}
 m - 2 scrolls of revelation
 q - 2 scrolls of silence
 t - 4 scrolls of immolation
 M - 2 scrolls of noise
Potions
 a - a potion of berserk rage {unknown}
 d - 3 potions of brilliance {unknown}
 e - 2 potions of heal wounds {unknown}
 o - 3 potions of resistance
 s - a potion of magic
 C - 5 potions of lignification
 F - 3 potions of attraction
 G - a potion of cancellation
 K - a potion of might


   Skills:
 + Level 9.0 Fighting
 - Level 0.7 Short Blades
 * Level 6.6 Throwing
 + Level 4.4 Dodging
 - Level 1.5 Stealth
 - Level 7.1 Shields
 - Level 14.0 Unarmed Combat
 - Level 1.2 Spellcasting
 - Level 2.0 Hexes
 - Level 7.5 Invocations


You had 14 spell levels left.
You didn't know any spells.
Your spell library contained the following spells:

 Spells                   Type           Power      Damage    Failure   Level
 Slow                     Hex            20%        N/A       38%         1
 Sting                    Conj/Alch      0%         1d3       67%         1
 Ensorcelled Hibernation  Hex/Ice        4%         N/A       67%         2
 Confusing Touch          Hex            5%         N/A       77%         3
 Sigil of Binding         Hex            5%         N/A       77%         3
 Sublimation of Blood     Necr           0%         N/A       80%         2
 Dazzling Flash           Conj/Hex       4%         N/A       88%         3
 Inner Flame              Hex/Fire       2%         N/A       88%         3
 Frozen Ramparts          Ice            0%         1d1       95%         3
 Fugue of the Fallen      Necr           0%         N/A       95%         3
 Passwall                 Erth           0%         N/A       95%         3
 Stone Arrow              Conj/Erth      0%         3d7       95%         3
 Swiftness                Air            0%         N/A       95%         3
 Vampiric Draining        Necr           0%         2d6       95%         3
 Volatile Blastmotes      Fire/Tloc      0%         2d10      95%         3
 Anguish                  Hex/Necr       1%         N/A       99%         4
 Flame Wave               Conj/Fire      0%         2d4       100%        4
 Leda's Liquefaction      Alch/Erth      0%         N/A       100%        4
 Manifold Assault         Tloc           0%         N/A       100%        4
 Petrify                  Alch/Erth      0%         N/A       100%        4
 Sticky Flame             Fire/Alch      0%         2d4       100%        4
 Irradiate                Conj/Alch      0%         3d11      100%        5
 Metabolic Englaciation   Hex/Ice        1%         N/A       100%        5
 Silence                  Hex/Air        1%         N/A       100%        5
 Conjure Ball Lightning   Conj/Air       0%         3x3d6     100%        6
 Dispersal                Tloc           0%         N/A       100%        6
 Starburst                Conj/Fire      0%         6d3       100%        6
 Discord                  Hex            2%         N/A       100%        8
 Disjunction              Tloc           0%         N/A       100%        8
 Maxwell's Capacitive Co  Air            0%         ∞         100%        8
 Tukima's Dance           Hex            Unusable   N/A       N/A         3
 Call Imp                 Summ           Unusable   N/A       N/A         2
 Summon Hydra             Summ           Unusable   N/A       N/A         7

Dungeon Overview and Level Annotations

Branches:
Dungeon (11/15)            Temple (1/1) D:5            Lair (4/5) D:8
  Swamp (0/4) Lair:2          Orc (1/2) D:11          Sewer (visited)
  Snake: Lair:2-3    Spider: Lair:2-3     Slime: Lair:4-5

Altars:
Ashenzari
Cheibriados
Dithmenos
Elyvilon
Fedhas
Gozag
Hepliaklqana
Kikubaaqudgha
Makhleb
Nemelex Xobeh
Okawaru
Qazlal
Ru
Sif Muna
Trog
Uskayaw
Vehumet
Wu Jian
Xom
Yredelemnul
Zin
The Shining One

Shops:
D:3 :   D:4 =(:[   D:8 :   D:9 **

Annotations:
D:2 Sigmund
D:3 1 runed translucent door, Crazy Yiuf
D:9 exclusion: 2 doors
Lair:2 exclusion: eleionoma
Lair:3 Josephine


Innate Abilities, Weirdness & Mutations

You are too large for most types of armour.
You have claws for hands.
Your natural rate of healing is unusually fast.
You are covered in fur. (AC +1)
You have tough skin. (AC +1)


Message History

The blast of flame engulfs you. You resist.
You block the dream sheep's attack. x2
You barely miss the fire crab. You block the dream sheep's attack. x2
The fire crab closely misses you. The fire crab claws you!
You are engulfed in flames.
You resist.
You scratch the fire crab.
The fire crab is lightly wounded.
The fire crab bites you!
You are engulfed in flames!
You resist. The fire crab claws you.
You are engulfed in flames.
You resist.
* * * LOW HITPOINT WARNING * * *
The dream sheep headbutts you!
* * * LOW HITPOINT WARNING * * *
The dream sheep headbutts you but does no damage.
You claw the fire crab!
The fire crab is heavily wounded.
You block the dream sheep's attack. The fire crab completely misses you.
You block the fire crab's attack. The dream sheep closely misses you.
You claw the fire crab!
The fire crab is heavily wounded.
You block the dream sheep's attack. The fire crab bites you!
* * * LOW HITPOINT WARNING * * *
You are engulfed in flames.
You resist.
* * * LOW HITPOINT WARNING * * *
The fire crab barely misses you. You block the dream sheep's attack.
You barely miss the fire crab.
The fire crab is heavily wounded.
You claw the fire crab!
The fire crab is almost dead.
You block the fire crab's attack. x2
The dream sheep shake their wool and sparkle.
You feel drowsy...
You fall asleep.
The dream sheep headbutts you!!
You wake up.
* * * LOW HITPOINT WARNING * * *
Okay, then.
Unknown command.
You scratch the fire crab.
The fire crab is almost dead.
The fire crab bites you.
* * * LOW HITPOINT WARNING * * *
You are engulfed in flames.
You resist.
You die...

........................
........................
........................
.......#.#.P.#..........
........#.####......##..
.....§§.............#...
#....§P§§§§..##.......<.
.....#§Y§...#......#...
.... #@Y§...........#..
#.....§t§§...##......#..
#....§#####.## ....##..
...... #.# .....#..
..... ... ........ .....
.. .....## .... ..... #
.... .t........
.........


You could see a fire crab and 2 dream sheep.

Vanquished Creatures
  A hydra (Lair:1)
  3 two-headed ogres
  A skyshark (Lair:4)
  Pikel (D:5)
  An orc sorcerer (Orc:1)
  4 elephants (Lair:3)
  5 black mambas
  Maggie (D:7)
  3 cane toads
  2 rime drakes
  A kobold demonologist (D:10)
  11 komodo dragons
  A polar bear (Lair:2)
  3 trolls
  Grinder (D:5)
  6 dream sheep
  7 blink frogs
  2 shadows (D:11)
  A spriggan (Lair:1)
  3 wraiths
  32 yaks
  A wyvern (D:8)
  4 vampire mosquitoes (D:11)
  A basilisk (Lair:1)
  3 wargs (Orc:1)
  Menkaure (D:6)
  Duvessa (D:5)
  3 water moccasins
  A swamp drake (D:11)
  13 orc warriors
  Pargi (Sewer)
  3 ice beasts
  6 black bears
  4 centaurs
  An ogre (D:7)
  6 wolves (Lair:3)
  2 lemures (D:4)
  3 kobold brigands
  4 bullfrogs
  4 scorpions
  Blork the orc (D:6)
  4 wights (D:9)
  Dowan (D:5)
  6 killer bees (D:9)
  2 bombardier beetles
  13 orc priests
  2 gnoll boudas
  4 hounds
  3 jellies
  3 sleepcaps
  11 iguanas
  13 orc wizards
  Natasha (thrice) (D:4)
  Robin (D:2)
  10 gnolls
  3 adders
  2 white imps
  4 ribbon worms
  3 dart slugs
  78 orcs
  3 endoplasms
  5 giant cockroaches
  12 goblins
  12 hobgoblins
  7 jackals
  11 kobolds
  A quokka (D:5)
  5 ball pythons
  7 bats
  3 frilled lizards
  5 rats
390 creatures vanquished.

Vanquished Creatures (others)
  An orc wizard (D:3)
1 creature vanquished.

Grand Total: 391 creatures vanquished

Notes
Turn   | Place    | Note
-------+----------+-------------------------------------------
     0 | D:1      | freelancePsychic the Troll Enchanter began the quest for
                  | the Orb.
     0 | D:1      | Reached XP level 1. HP: 16/16 MP: 1/1
   231 | D:1      | Reached skill level 1 in Unarmed Combat
   330 | D:1      | Reached XP level 2. HP: 26/26 MP: 2/2
  1014 | D:2      | Noticed Robin
  1041 | D:2      | Reached skill level 1 in Fighting
  1041 | D:2      | Reached skill level 2 in Unarmed Combat
  1047 | D:2      | Killed Robin
  1048 | D:2      | Reached XP level 3. HP: 28/33 MP: 3/3
  1297 | D:2      | Reached skill level 1 in Throwing
  1347 | D:2      | Noticed Sigmund
  1521 | D:3      | Identified the +1 spear of Ru's Grace {drain, rC+ Str+2
                  | SInv}
  1533 | D:3      | Identified the +2 helmet of Sorcery {rF+++ rCorr Str-4}
  1545 | D:3      | Reached XP level 4. HP: 40/41 MP: 4/4
  1586 | D:3      | Found Neumpyap's Book Shoppe.
  1762 | D:3      | Reached skill level 3 in Unarmed Combat
  1784 | D:3      | Reached XP level 5. HP: 8/49 MP: 5/5
  1890 | D:3      | Found a glowing drain.
  1898 | Sewer    | Entered a sewer
  1967 | Sewer    | Noticed Pargi
  1983 | Sewer    | Killed Pargi
  1984 | Sewer    | Reached skill level 4 in Unarmed Combat
  2106 | D:3      | Found a runed translucent door.
  2107 | D:3      | Noticed Crazy Yiuf
  2442 | D:4      | Reached XP level 6. HP: 55/57 MP: 6/6
  2486 | D:4      | Found Xilafore's Weapon Shop.
  2543 | D:4      | Noticed Natasha
  2550 | D:4      | Killed Natasha
  2555 | D:4      | Noticed Natasha
  2563 | D:4      | Killed Natasha
  2643 | D:4      | Noticed Natasha
  2653 | D:4      | Killed Natasha
  2654 | D:4      | Reached skill level 5 in Unarmed Combat
  2721 | D:4      | Found Zymn's Jewellery Boutique.
  2793 | D:4      | Found Safyopn's Book Emporium.
  2870 | D:4      | Reached XP level 7. HP: 65/66 MP: 7/7
  2882 | D:4      | Found Atsowkuf's Armour Boutique.
  3206 | D:5      | Entered Level 5 of the Dungeon
  3259 | D:5      | Found a staircase to the Ecumenical Temple.
  3261 | D:5      | Noticed Grinder
  3305 | D:5      | Killed Grinder
  3306 | D:5      | Reached skill level 6 in Unarmed Combat
  3314 | Temple   | Entered the Ecumenical Temple
  3323 | Temple   | Became a worshipper of Warmaster Okawaru
  3498 | D:5      | Noticed Pikel
  3552 | D:5      | Reached skill level 1 in Invocations
  3568 | D:5      | Noticed Duvessa
  3568 | D:5      | Noticed Dowan
  3584 | D:5      | Killed Duvessa
  3585 | D:5      | Reached XP level 8. HP: 44/76 MP: 8/8
  3598 | D:5      | Killed Dowan
  3659 | D:5      | Noticed a two-headed ogre
  3672 | D:5      | Killed a two-headed ogre
  3672 | D:5      | Reached * piety under Okawaru
  3673 | D:5      | Reached skill level 7 in Unarmed Combat
  3832 | D:5      | Found a burning altar of Makhleb.
  3900 | D:5      | Killed Pikel
  3900 | D:5      | Reached ** piety under Okawaru
  3901 | D:5      | Reached skill level 5 in Throwing
  3901 | D:5      | Reached skill level 8 in Unarmed Combat
  3901 | D:5      | Reached XP level 9. HP: 84/85 MP: 10/10
  4206 | D:6      | Noticed Blork the orc
  4213 | D:6      | Killed Blork the orc
  4340 | D:6      | Reached skill level 5 in Fighting
  4376 | D:6      | Noticed Menkaure
  4416 | D:6      | Killed Menkaure
  4417 | D:6      | Reached skill level 9 in Unarmed Combat
  4921 | D:7      | Got the Codex of Thunder and Fulmination
  5426 | D:7      | Reached *** piety under Okawaru
  5443 | D:7      | Reached XP level 10. HP: 46/96 MP: 9/12
  5542 | D:7      | Noticed Maggie
  5556 | D:7      | Killed Maggie
  5831 | D:8      | Found a staircase to the Lair.
  5847 | D:8      | Reached skill level 10 in Unarmed Combat
  5855 | D:8      | Reached skill level 5 in Invocations
  6087 | D:8      | Reached **** piety under Okawaru
  6177 | D:8      | Found Ecrewin's Book Boutique.
  7043 | D:9      | Reached skill level 11 in Unarmed Combat
  7533 | D:9      | Found Iweydub's Specific Store.
  7535 | D:9      | Found Somot's General Store.
  7753 | D:10     | Entered Level 10 of the Dungeon
  7921 | D:10     | Noticed a two-headed ogre
  7929 | D:10     | Killed a two-headed ogre
  7929 | D:10     | Reached ***** piety under Okawaru
  7930 | D:10     | Reached XP level 11. HP: 107/107 MP: 14/14
  8861 | D:11     | Noticed a two-headed ogre
  8884 | D:11     | Found a staircase to the Orcish Mines.
  8893 | D:11     | Killed a two-headed ogre
  8893 | D:11     | Received a gift from Okawaru
  8894 | D:11     | Reached skill level 12 in Unarmed Combat
  9194 | D:11     | Reached skill level 1 in Shields
  9632 | Lair:1   | Entered Level 1 of the Lair of Beasts
  9668 | Lair:1   | Identified the amulet of Anlur {Faith Int+3}
 10276 | Lair:1   | Received a gift from Okawaru
 10277 | Lair:1   | Reached XP level 12. HP: 103/119 MP: 16/16
 10377 | Lair:1   | Identified the +0 cloak of Sif Muna's Benevolence {rC+
                  | Will- Str-2 Dex+10}
 10496 | Lair:1   | Noticed a five-headed hydra
 10514 | Lair:1   | Killed a five-headed hydra
 10515 | Lair:1   | Reached skill level 5 in Shields
 11018 | Lair:2   | Identified a scroll of acquirement
 11018 | Lair:2   | Acquired a manual of Unarmed Combat
 11020 | Lair:2   | Found a staircase to the Swamp.
 11020 | Lair:2   | Noticed an eleionoma
 11251 | Lair:2   | Reached skill level 13 in Unarmed Combat
 11445 | Lair:2   | Reached ****** piety under Okawaru
 11454 | Lair:2   | Acquired the +1 robe of Objectivity {rPois}
 11454 | Lair:2   | Received a gift from Okawaru
 11455 | Lair:2   | Acquired the +12 eveningstar "Uzxof" {freeze, Will++}
 11455 | Lair:2   | Received a gift from Okawaru
 12183 | Lair:3   | Noticed Josephine
 12391 | Orc:1    | Entered Level 1 of the Orcish Mines
 12462 | Orc:1    | Paralysed by an orc sorcerer for 2 turns
 12467 | Orc:1    | Paralysed by an orc sorcerer for 2 turns
 13094 | D:4      | Bought the amulet of Vitality {RegenMP++ Regen++} for 1000
                  | gold pieces
 13094 | D:4      | Found the amulet of Vitality {RegenMP++ Regen++}
 13323 | Lair:2   | Received a gift from Okawaru
 13507 | Lair:3   | Noticed a four-headed hydra
 13520 | Lair:3   | HP: 4/122 [seven-headed hydra (9)]
 13527 | Lair:3   | HP: 3/122 [yak (9)]
 13609 | Lair:4   | Reached skill level 14 in Unarmed Combat
 13743 | Lair:4   | Reached XP level 13. HP: 130/130 MP: 17/17
 13875 | Lair:4   | Received a gift from Okawaru
 13885 | Lair:4   | HP: 5/131 [dream sheep (21)]
 13886 | Lair:4   | HP: 2/131 [fire crab (6)]
 13886 | Lair:4   | Slain by a fire crab

Illustrated notes

Levels and vault maps discovered:
D:1:      dpeg_arrival_arbitrary_b, layout_basic, st_stairs_14,
          minmay_misc_feat_tower
D:2:      layout_loops_ring, uniq_sigmund, uniq_robin
D:3:      layout_rooms, serial_shops, shop_fountains, gup_sewer_entry_spiral,
          minmay_misc_feat_ornament, uniq_crazy_yiuf_cottage
D:4:      layout_cave_pools, serial_shops, shop, nicolae_inconvenience_store,
          nicolae_shop_window_shopping, nicolae_shop_tiny_glass,
          chequers_serial_rivers_micro_b, uniq_natasha
D:5:      layout_rooms, mainiacjoe_overflow_alcove_4, temple_fountains,
          serial_curves, eino_curves_03, eino_curves_01, item_on_display_a,
          uniq_pikel, uniq_grinder, uniq_duvessa
D:6:      layout_basic, corexii_checkpoint, uniq_blork_the_orc, uniq_menkaure
D:7:      layout_loops_cross, nicolae_zig_zag_zippers, uniq_maggie
D:8:      layout_gridville, david_lair_generic, serial_shops,
          nicolae_shop_tiny_glass, minmay_puff
D:9:      layout_roguey [special_room_orc], nicolae_specific_store
D:10:     layout_stronghold, kennysheep_generic_room_13
D:11:     layout_loops_ring, erik_orc_1, serial_bayou_pond_a
Temple:   grunt_wide_crystal_templ
Lair:1:   beast_lair_carwin_large_3, layout_small_grid,
          grunt_forest_large_clearing_hut
Lair:2:   layout_cellular_growth, alex1729_swamp_entry_worm_eleionoma,
          serial_bayou_shore_b
Lair:3:   regret_index_combs_of_tragedy, layout_layer_cave,
          nicolae_spider_entry_orb_guardian, lemuel_fruit_tree,
          grunt_megastairs_5, uniq_nergalle, uniq_urug, uniq_josephine
Lair:4:   layout_regular_city, grunt_megastairs_4
Orc:1:    layout_diamond_mine, nicolae_orc_tapped_out

Skill      XL: |  1  2  3  4  5  6  7  8  9 10 11 12 13 |
---------------+----------------------------------------+-----
Unarmed Combat | 1 2 3 4 5 6 8 9 11 12 14 | 14.0
Fighting       | 1 2 3 4 5 6 7 8 9 |  9.0
Throwing       | 1 2 3 5 6 |  6.6
Invocations    | 1 3 4 6 7 |  7.5
Shields        | 4 7 |  7.1
Dodging        | 4 |  4.4
Short Blades   | |  0.7
Stealth        | |  1.5
Spellcasting   | |  1.2
Hexes          | |  2.0

Action                     |  1- 3 |  4- 6 |  7- 9 | 10-12 | 13-15 || total
---------------------------+-------+-------+-------+-------+-------++-------
  Melee: Unarmed           |   115 |   141 |   193 |   723 |    34 ||  1206
         Punch             |     2 |     5 |    10 |       |       ||    17
  Throw: Dart              |     2 |    18 |     8 |    19 |       ||    47
         Boomerang         |       |     4 |    44 |   125 |     6 ||   179
 Invoke: Heroism           |       |       |     3 |     6 |       ||     9
         Finesse           |       |       |       |     1 |       ||     1
         Receive Weapon    |       |       |       |     1 |       ||     1
         Receive Armour    |       |       |       |     1 |       ||     1
  Evoke: Wand              |       |       |     2 |     4 |       ||     6
    Use: Scroll            |       |     5 |     1 |    18 |     1 ||    25
         Potion            |       |     1 |     2 |     7 |       ||    10
   Stab: Sleeping          |     5 |       |       |     1 |       ||     6
         Invisible         |       |     2 |     1 |       |       ||     3
 Armour: Robe              |    69 |   126 |   118 |     1 |       ||   314
         Acid dragon scale |       |       |       |   583 |    32 ||   615
  Dodge: Dodged            |    44 |    81 |    72 |   303 |    11 ||   511
  Block: Kite shield       |       |       |       |   218 |    25 ||   243
